 Dungeon Crawl Stone Soup version 0.28-a0-804-g60983d4ba9 (webtiles) character file.

Game seed: 15808946161758613690

243 croobank the Insei (level 6, -1/38 HPs)
             Began as an Octopode Transmuter on Nov 8, 2021.
             Slain by an ice beast (6 damage)
             ... on level 6 of the Dungeon.
             The game lasted 00:21:44 (4250 turns).

croobank the Insei (Octopode Transmuter)            Turns: 4250, Time: 00:21:44

Health: -1/38      AC:  1    Str: 12    XL:     6   Next: 9%
Magic:  9/9        EV: 13    Int: 17    God:
Gold:   120        SH:  0    Dex: 12    Spells: 0/10 levels left

rFire   . . .      SeeInvis .     - Unarmed
rCold   . . .      Faith    .   (no shield)
rNeg    . . .      Spirit   .   (helmet restricted)
rPois   .          Reflect  .   (no amulet)
rElec   .          Harm     .   (no ring)
rCorr   .          Rampage  .   (no ring)
Will    .....                   (no ring)
Stlth   +++.......              (no ring)
HPRegen 0.12/turn               (no ring)
MPRegen 0.11/turn               (no ring)
                                (no ring)
                                (no ring)

@: no status effects
A: almost no armour, amphibious, 8 rings, camouflage 1, gelatinous body 1,
(nimble swimmer 1), tentacles, strong 1
a: no special abilities


You were on level 6 of the Dungeon.
You visited 1 branch of the dungeon, and saw 5 of its levels.

You collected 120 gold pieces.

Inventory:

Hand Weapons
 a - a +0 dagger
 c - a +0 hand axe
 g - a +0 scythe
 i - a +0 short sword
Missiles
 d - 76 stones
Magical Staves
 f - a staff of air
Scrolls
 h - a scroll of vulnerability {unknown}
 j - 2 scrolls of immolation
 k - a scroll of enchant armour {unknown}
Potions
 b - a potion of brilliance


   Skills:
 + Level 1.5 Fighting
 + Level 2.8 Dodging
 + Level 4.0 Stealth
 + Level 4.6 Unarmed Combat
 + Level 2.5 Spellcasting
 + Level 2.5 Transmutations


You couldn't memorise any spells.
You knew the following spells:

 Your Spells              Type           Power      Damage    Failure   Level
a - Beastly Appendage     Tmut           20%        N/A       6%          1
b - Wereblood             Tmut           10%        N/A       10%         2
c - Spider Form           Tmut/Pois      6%         N/A       32%         3
d - Corpse Rot            Necr/Air       4%         N/A       28%         2
e - Poisonous Vapours     Pois/Air       4%         N/A       28%         2

Your spell library contained the following spells:

 Spells                   Type           Power      Damage    Failure   Level
 Ice Form                 Ice/Tmut       6%         N/A       73%         4


Dungeon Overview and Level Annotations

Branches:
Dungeon (4/15)
 Temple: D:4-7

Altars:
Wu Jian


Innate Abilities, Weirdness & Mutations

You cannot wear most types of armour.
You are amphibious.
You can wear up to eight rings at the same time.
Your skin changes colour to match your surroundings (Stealth+).
Your rubbery body absorbs attacks. (AC +1, EV +1)
((You are camouflaged near water. (Stealth+)))
You have tentacles for arms and can constrict up to eight enemies at once.
Your muscles are strong. (Str +2)


Message History

Confirm with . or Enter, or press ? or * to list all spells.
Your blood is infused with primal strength.
The ice beast barely misses you.
You tentacle-slap the ice beast.
The ice beast is lightly wounded.
The ice beast completely misses you.
You tentacle-slap the ice beast but do no damage.
The ice beast is lightly wounded.
The ice beast misses you.
You barely miss the ice beast.
The ice beast is lightly wounded.
You tentacle-slap the ice beast.
The ice beast is moderately wounded.
The ice beast hits you. The ice beast freezes you!
You tentacle-slap the ice beast but do no damage.
The ice beast is moderately wounded.
The ice beast misses you.
You tentacle-slap the ice beast.
The ice beast is moderately wounded.
The ice beast hits you. The ice beast freezes you!
You tentacle-slap the ice beast but do no damage.
The ice beast is moderately wounded.
The ice beast hits you.
* * * LOW HITPOINT WARNING * * *
The ice beast freezes you!
* * * LOW HITPOINT WARNING * * *
You feel better. The ice beast closely misses you.
As you read the scroll labelled TEGASSIUCH, it crumbles to dust.
The creatures around you are filled with an inner flame!
It was a scroll of immolation.
The ice beast hits you.
* * * LOW HITPOINT WARNING * * *
The ice beast freezes you.
* * * LOW HITPOINT WARNING * * *
Your primal bloodlust is almost over.
Your primal bloodlust has ended.
The ice beast's inner flame fades away.
The ice beast hits you.
* * * LOW HITPOINT WARNING * * *
The ice beast freezes you.
You die...

#...##.#..######.#######.#
.#####.###.#..#
.........##
...........#..#
.#######...
######.###.#..# ###. #.
#.#..# #. .. ..#..# #. ...
..#..# ########. ###.
##.#..##### ......... #.
#.#.Y@...# ########. #.
#.#.####.######## #.
#.............#####.
######.######....... #.#
######## #.# #.# #.# #.#


You could see an ice beast.

Vanquished Creatures
  An orc priest (D:3)
  A hound (D:4)
  2 iguanas (D:6)
  An orc wizard (D:2)
  A howler monkey skeleton (D:6)
  2 adders (D:2)
  2 ufetubi (D:6)
  2 dart slugs
  4 orcs
  A bat (D:1)
  11 endoplasms
  4 giant cockroaches
  2 goblins
  4 hobgoblins (D:1)
  4 jackals (D:3)
  3 quokkas
  6 ball pythons
  3 frilled lizards
  3 kobolds
  8 rats
65 creatures vanquished.

Notes
Turn   | Place    | Note
-------+----------+-------------------------------------------
     0 | D:1      | croobank the Octopode Transmuter began the quest for the
                  | Orb.
     0 | D:1      | Reached XP level 1. HP: 13/13 MP: 3/3
    26 | D:1      | Gained mutation: Your muscles are strong. (Str +2) [potion
                  | of mutation]
   167 | D:1      | Found a faded altar of an unknown god.
   219 | D:1      | Reached XP level 2. HP: 18/18 MP: 5/5
   689 | D:1      | Learned a level 2 spell: Wereblood
  1028 | D:1      | Reached XP level 3. HP: 23/23 MP: 6/6
  1032 | D:1      | Learned a level 3 spell: Spider Form
  1355 | D:2      | Reached skill level 1 in Stealth
  1523 | D:2      | Found an ornate altar of the Wu Jian Council.
  1689 | D:2      | HP: 1/23 [poisoned by an adder]
  2146 | D:3      | Reached XP level 4. HP: 28/28 MP: 4/7
  2877 | D:3      | Reached XP level 5. HP: 18/33 MP: 5/8
  3816 | D:4      | You fall into a shaft and drop 2 floors!
  4019 | D:6      | Reached XP level 6. HP: 28/38 MP: 9/9
  4099 | D:6      | Learned a level 2 spell: Corpse Rot
  4102 | D:6      | Learned a level 2 spell: Poisonous Vapours
  4183 | D:6      | Noticed an ice beast
  4194 | D:6      | HP: 1/38 [ice beast (9)]
  4250 | D:6      | Slain by an ice beast

Illustrated notes

Levels and vault maps discovered:
D:1:      dpeg_chamrin_arrival_tetris, layout_basic,
          chequers_ecumenical_altar_twisty, minmay_misc_feat_ornament,
          serial_park_tiny_pond
D:2:      cheibrodos_old_hovel, layout_loops_ring, basic_altar, st_stairs_11,
          kennysheep_doodads, chequers_serial_rivers_micro_b
D:3:      layout_basic, minmay_misc_feat_alley
D:4:      layout_basic, minmay_temple_entry_statues_fountains, uniq_eustachio
D:6:      layout_loops_ring, minmay_quadrilaterals, uniq_prince_ribbit1

Skill      XL: |  1  2  3  4  5 |
---------------+----------------+-----
Stealth        | 2 3 4 |  4.0
Unarmed Combat | 4 |  4.6
Fighting       | |  1.5
Dodging        | |  2.8
Spellcasting   | |  2.5
Transmutations | |  2.5

Action                   |  1- 3 |  4- 6 || total
-------------------------+-------+-------++-------
Melee: Unarmed           |    65 |    95 ||   160
       Constrict         |    14 |    20 ||    34
       Tentacles         |    13 |    10 ||    23
       Punch             |     1 |     3 ||     4
 Cast: Wereblood         |     1 |     6 ||     7
  Use: Scroll            |     3 |     4 ||     7
       Potion            |     4 |     1 ||     5
 Stab: Sleeping          |    10 |     5 ||    15
Armor: Skin              |     4 |     2 ||     6
Dodge: Dodged            |    26 |    51 ||    77

Table legend: (Time is in decaauts)
 A = Elapsed time spent in this place.
 B = Non-inter-level travel time spent in this place.
 C = Inter-level travel time spent in this place.
 D = Time resting spent in this place.
 E = Time spent auto-exploring this place.
 F = Levels seen in this place.
 G = Mean time per level.
                   A        B        C        D        E       F      G
               +--------+--------+--------+--------+--------+-----+--------+
         Total |   4239 |   4156 |     83 |   1185 |   2286 |   5 |  847.8 |
       Dungeon |   4239 |   4156 |     83 |   1185 |   2286 |   5 |  847.8 |
               +--------+--------+--------+--------+--------+-----+--------+

Top non-repeatable levels by time:
     D:1: 1676 daAuts
     D:3: 998 daAuts
     D:2: 840 daAuts
     D:6: 431 daAuts
     D:4: 292 daAuts
